Map: [ESL] Crimson Court

Players

HeroMarine

  • Race: Terran Terran
  • Spawn Location: 1:00

Lambo - Winner!

  • Race: Zerg Zerg
  • Spawn Location: 7:00

Event: ESL SC2 Masters 2024 Spring (Regional)

VOD

Have the link to the VOD?

Description

Time

  • Played on: April 25, 2024, 11:13 a.m.
  • Length: 10:05

All games in this series

Show
View Real Time Build Order
Export as new Build Order

HeroMarine Terran 

Build Orders:  

Get SALT Encoding   

  12  0:00  SCV  
  13  0:12  SCV  
  14  0:19  Supply Depot  
  14  0:24  SCV  
  15  0:40  SCV  
  15  0:41  Barracks  
  16  0:44  Refinery  
  16  0:52  SCV  
  17  0:59  Barracks  
  17  1:04  SCV  
  18  1:16  SCV  
  19  1:29  Reaper  
  19  1:30  Orbital Command  
  19  1:31  Supply Depot  
  20  1:46  Reaper  
  21  1:55  SCV  
  22  2:03  Reaper  
  23  2:08  Command Center  
  23  2:11  SCV  
  25  2:23  SCV  
  26  2:33  Refinery  
  26  2:35  SCV  
  27  2:47  SCV  
  27  2:48  Command Center  
  27  2:50  Barracks Tech Lab, Barracks Reactor  
  27  2:59  SCV  
  28  3:11  SCV  
  29  3:15  Marine  
  29  3:18  Factory  
  30  3:22  Orbital Command  
  30  3:24  SCV, Stimpack  
  31  3:27  Marine x2  
  31  3:32  Marine  
  34  3:36  SCV  
  35  3:47  SCV, Marine  
  35  3:48  SCV, Marine  
  39  3:50  Marine  
  40  3:59  SCV  
  40  4:00  SCV, Orbital Command  
  42  4:03  Factory Reactor, Starport  
  42  4:08  Marine  
  42  4:09  Marine  
  44  4:10  Marine  
  44  4:11  SCV  
  44  4:12  SCV  
  47  4:21  Supply Depot  
  47  4:23  SCV  
  48  4:24  SCV  
  48  4:26  SCV, Marine  
  48  4:27  Marine  
  48  4:28  Marine  
  53  4:35  SCV  
  53  4:36  SCV  
  53  4:38  SCV  
  56  4:44  Refinery  
  56  4:46  Factory Tech Lab, Refinery  
  56  4:47  Engineering Bay  
  56  4:48  Engineering Bay, Orbital Command  
  56  4:49  Medivac x2  
  56  4:50  SCV  
  56  4:51  SCV  
  62  4:53  Marine x2  
  62  4:54  Marine  
  65  5:03  SCV x2  
  65  5:04  Combat Shield  
  65  5:05  Supply Depot  
  67  5:11  Supply Depot  
  67  5:15  SCV x2  
  69  5:23  Barracks  
  69  5:27  SCV x3, Terran Infantry Armor Level 1, Marine x3  
  75  5:29  Starport Reactor, Terran Infantry Weapons Level 1  
  75  5:32  Supply Depot  
  75  5:39  SCV x3  
  75  5:40  Siege Tank  
  81  5:45  Supply Depot  
  81  5:47  Marine x3  
  84  5:51  SCV  
  84  5:53  SCV x2  
  87  6:01  Barracks x2  
  87  6:03  SCV  
  88  6:04  Supply Depot  
  88  6:05  SCV x2, Marine x2  
  88  6:07  Marine  
  93  6:13  Siege Tank  
  93  6:15  SCV  
  93  6:17  Marine x2  
  99  6:20  Medivac  
  101  6:26  SCV x2, Marine  
  101  6:27  SCV  
  101  6:29  Armory  
  101  6:30  Refinery, Marine  
  106  6:33  Marine  
  106  6:34  Marine  
  108  6:41  SCV x2, Supply Depot  
  108  6:42  Supply Depot  
  110  6:49  Marine x2  
  110  6:51  Marine x2  
  113  6:54  Barracks Reactor x2  
  113  6:55  Medivac x2  
  117  7:02  Siege Tank  
  119  7:13  Marine x5  
  117  7:17  Factory  
  114  7:24  Medivac  
  114  7:25  Medivac  
  114  7:29  Terran Infantry Weapons Level 2, Terran Infantry Armor Level 2  
  118  7:30  Marine x4  
  118  7:31  Marine x4  
  118  7:35  Marine  
  127  7:43  Siege Tank  
  130  7:48  SCV x2, Marine  
  130  7:49  Supply Depot x2  
  133  7:52  Supply Depot  
  133  7:54  Terran Vehicle Weapons Level 1  
  133  8:01  Marine  
  133  8:07  Factory Tech Lab  
  133  8:10  Medivac, Marine x5  
  133  8:11  SCV, Marine x3  
  144  8:13  Medivac, Supply Depot  
  144  8:15  Siege Tank  
  144  8:19  Marine  
  148  8:28  Marine x4  
  148  8:29  Marine  
  140  8:37  Siege Tank  
  140  8:38  Marine x4  
  131  8:43  Medivac  
  131  8:44  Medivac  
  131  8:46  Marine x5  
  131  8:47  Siege Tank  
  138  8:51  SCV x3  
  124  8:56  Marine x2  
  124  9:03  SCV x3, Marine  
  124  9:04  Marine x2  
  124  9:09  Marine  
  127  9:10  Siege Tank  
  127  9:11  Command Center  
  127  9:12  Marine  
  127  9:13  Marine  
  127  9:14  Marine  
  127  9:16  Marine x2  
  132  9:19  Siege Tank  
  132  9:21  SCV x3, Marine  
  139  9:30  Marine x3  
  142  9:33  SCV x3  
  131  9:43  Marine  
  131  9:44  Marine x5  
  131  9:45  SCV x3  
Show
View Real Time Build Order
Export as new Build Order

Lambo Zerg - Winner!

Build Orders: Hatch First 

Get SALT Encoding   

  12  0:00  Drone  
  13  0:14  Overlord  
  13  0:17  Drone  
  14  0:32  Drone x2  
  16  0:48  Hatchery  
  15  0:50  Drone  
  15  0:54  Drone  
  17  0:58  Drone  
  18  1:08  Extractor  
  17  1:12  Spawning Pool  
  17  1:16  Drone  
  17  1:19  Drone  
  18  1:29  Drone  
  19  1:40  Drone  
  20  1:50  Drone  
  21  2:00  Queen x2  
  25  2:01  Zergling x2  
  25  2:02  Zergling x2  
  27  2:11  Zergling x2  
  27  2:12  Overlord  
  28  2:22  Hatchery  
  27  2:27  Drone  
  28  2:30  Drone  
  28  2:32  Drone  
  28  2:33  Drone  
  31  2:40  Queen  
  33  2:51  Overlord  
  33  2:53  Drone  
  33  2:56  Queen  
  36  3:02  Metabolic Boost  
  36  3:13  Drone x6  
  36  3:17  Drone  
  43  3:20  Drone  
  43  3:23  Overlord  
  44  3:34  Queen x2  
  44  3:41  Drone x2  
  50  3:42  Overlord  
  50  3:46  Overlord  
  50  3:52  Queen  
  50  3:53  Drone  
  50  3:54  Drone  
  54  3:55  Drone  
  54  3:57  Drone  
  54  4:00  Drone  
  54  4:01  Drone  
  54  4:02  Drone  
  59  4:04  Drone  
  59  4:05  Drone  
  59  4:08  Drone  
  62  4:11  Drone x2  
  62  4:14  Drone  
  62  4:17  Drone  
  66  4:22  Overlord  
  66  4:25  Overlord  
  66  4:27  Evolution Chamber x2  
  66  4:30  Extractor  
  63  4:33  Drone x3  
  63  4:34  Overlord  
  66  4:41  Hatchery  
  66  4:43  Drone x2  
  66  4:44  Drone  
  66  4:45  Drone  
  69  4:48  Drone  
  69  4:50  Drone x3  
  69  4:51  Drone  
  74  4:53  Zerg Melee Weapons Level 1  
  74  4:56  Drone x2  
  74  4:59  Drone x3  
  79  5:05  Zerg Ground Armor Level 1  
  81  5:07  Drone x2  
  81  5:08  Drone, Extractor  
  81  5:09  Extractor  
  81  5:11  Drone x2  
  81  5:12  Drone  
  83  5:15  Drone  
  83  5:20  Queen  
  83  5:21  Overlord  
  86  5:23  Lair  
  86  5:26  Spore Crawler  
  86  5:28  Baneling Nest  
  84  5:29  Drone x3  
  84  5:33  Zergling x6  
  90  5:39  Overlord x3  
  90  5:43  Overlord  
  90  5:46  Overlord  
  90  5:52  Queen  
  90  5:53  Zergling x8  
  94  6:02  Zergling x16  
  102  6:20  Zergling x16  
  107  6:26  Drone x4  
  110  6:34  Drone x3  
  113  6:42  Hatchery  
  113  6:43  Zergling x8, Centrifugal Hooks  
  113  6:44  Baneling x3  
  116  6:48  Overlord x3  
  116  6:50  Overlord  
  116  6:51  Hatchery  
  116  6:52  Overlord x2  
  115  6:57  Zerg Melee Weapons Level 2  
  115  7:06  Overlord  
  113  7:09  Zergling x20  
  113  7:13  Zerg Ground Armor Level 2  
  119  7:16  Zergling x10  
  119  7:18  Zergling x4  
  126  7:23  Zergling x6  
  126  7:24  Baneling  
  126  7:25  Baneling x7  
  126  7:28  Zergling x4  
  131  7:34  Drone x7  
  138  7:42  Zergling x6  
  141  7:45  Zergling x6  
  141  7:48  Zergling x2  
  141  7:49  Zergling x10  
  150  7:51  Zergling x2  
  150  7:54  Baneling x8  
  150  7:55  Baneling x4  
  150  7:57  Zergling x4  
  152  8:03  Zergling x2  
  152  8:04  Zergling x14  
  157  8:06  Baneling  
  157  8:08  Zergling x2  
  157  8:09  Zergling x4  
  157  8:10  Baneling x2  
  158  8:14  Overlord  
  158  8:18  Zergling x20  
  168  8:24  Zergling x6  
  153  8:29  Zergling x18  
  143  8:36  Zergling x6  
  143  8:37  Baneling x6  
  143  8:38  Zergling x2  
  136  8:42  Zergling x2  
  136  8:43  Zergling x8  
  136  8:45  Zergling x8  
  136  8:46  Baneling x7  
  139  8:54  Zergling x2  
  139  8:55  Zergling x8  
  135  9:01  Zergling x20  
  140  9:09  Zergling x10, Infestation Pit  
  140  9:17  Baneling x5  
  140  9:18  Hatchery  
  140  9:19  Zergling x14  
  140  9:22  Zergling x4  
  149  9:24  Zergling x2  
  149  9:25  Baneling x6  
  147  9:31  Zergling x2  
  147  9:32  Zergling x16  
  143  9:40  Zergling x14  
  143  9:42  Zergling x8  
  143  9:44  Drone x2  
  148  9:46  Zergling x4  
Tags
 
Add a new tag
Caveats
  • Supply blocks, unpowered buildings, or Contaminate may cause inaccurate times.
  • Supply counts are checked every 10 seconds.